 Dungeon Crawl Stone Soup version 0.23.0 (webtiles) character file.

Game seed: 1848738067174680084

3371 Peloso the Carver (level 9, -3/79 HPs)
             Began as a Minotaur Fighter on Feb 9, 2019.
             Was a Follower of Okawaru.
             Slain by a killer bee (4 damage)
             ... on level 8 of the Dungeon.
             The game lasted 00:13:19 (6893 turns).

Peloso the Carver (Minotaur Fighter)                Turns: 6893, Time: 00:13:21

Health: -3/79      AC: 14    Str: 20 (23) XL:     9   Next: 73%
Magic:  8/8        EV:  6    Int:  2 (5)  God:    Okawaru [*.....]
Gold:   399        SH: 11    Dex:  9 (11) Spells: 8/8 levels left

rFire    . . .     SeeInvis .   a - +0 long sword
rCold    . . .     Gourm    .   c - +0 shield
rNeg     . . .     Faith    .   A - +0 plate armour
rPois    +         Spirit   .   (helmet restricted)
rElec    .         Reflect  .   (no cloak)
rCorr    .         Harm     .   (no gloves)
MR       .....                  (no boots)
Stlth    ..........             (no amulet)
HPRegen  0.23/turn              (no ring)
MPRegen  0.11/turn              p - ring of poison resistance

@: lethally poisoned (-3 -> -13)
A: retaliatory headbutt, horns 2
a: Heroism, Renounce Religion


You were on level 8 of the Dungeon.
You worshipped Okawaru.
Okawaru was aware of your devotion.
You were not hungry.

You visited 2 branches of the dungeon, and saw 9 of its levels.

You collected 399 gold pieces.

Inventory:

Hand Weapons
 a - a +0 long sword (weapon)
Armour
 b - a +0 scale mail
 c - a +0 shield (worn)
 y - a +0 chain mail
 A - a +0 plate armour (worn)
Jewellery
 i - an uncursed ring of fire
 p - a ring of poison resistance (right hand)
 w - an uncursed ring of stealth
Wands
 m - a wand of random effects (28)
Scrolls
 e - 3 scrolls of enchant armour {unknown}
 k - 3 scrolls of teleportation {unknown}
 l - 2 scrolls of enchant weapon {unknown}
 n - 2 scrolls of remove curse
 q - 7 scrolls of identify
 r - a scroll of fog {unknown}
 s - 2 scrolls of amnesia {unknown}
 x - a scroll of immolation {unknown}
Potions
 d - 2 potions of might
 g - a potion of cancellation {unknown}
 h - 2 potions of degeneration
 j - a potion of resistance {unknown}
 o - a potion of lignification {unknown}
 t - a potion of berserk rage {unknown}
 u - 3 potions of curing {unknown}
 v - a potion of agility {unknown}
 z - a potion of flight {unknown}
Comestibles
 f - 20 rations


   Skills:
 + Level 7.2 Fighting
 + Level 9.4 Long Blades
 + Level 9.1 Armour
 + Level 3.2 Dodging
 + Level 0.4 Stealth
 + Level 8.9 Shields
 + Level 0.2 Invocations
 + Level 0.7 Evocations


You had 8 spell levels left.
You didn't know any spells.
Your spell library was empty.

Dungeon Overview and Level Annotations

Branches:
Dungeon (8/15)             Temple (1/1) D:5
   Lair: D:8-11

Altars:
Cheibriados
Gozag
Kikubaaqudgha
Okawaru
Qazlal
Ru
Wu Jian
Xom
The Shining One


Innate Abilities, Weirdness & Mutations

You reflexively headbutt those who attack you in melee.
You have a pair of horns on your head.


Message History

* * * LOW HITPOINT WARNING * * *
You are lethally poisoned!
The killer bee poisons you! The shadow imp barely misses you.
You furiously retaliate!
You headbutt the shadow imp! You slash the killer bee!
You kill the killer bee!
Okawaru accepts your kill.
* * * LOW HITPOINT WARNING * * *
You feel sick. You block the killer bee's attack.
The killer bee stings you but does no damage.
The shadow imp gestures at you. Pain shoots through your body!
* * * LOW HITPOINT WARNING * * *
It was a potion of degeneration.
There was something very wrong with that liquid.
You feel weakened.
You feel dopey.
You feel clumsy.
* * * LOW HITPOINT WARNING * * *
You feel sick. You block the killer bee's attack. x2
The killer bee stings you.
You die...

.....# #)..#...####
#.....# #.###...##..
###.#.!.## #.##..#.<...
#..>#....###.#..##<....
............).........
##.........######....
...#?#.......# #.... #
#yy)###.....##....
#@### ###......... #.5#
#.####... #..# ... ####
.[.# #. ..... #$....
#.(.?. #......


You could see 2 killer bees and a shadow imp.

Vanquished Creatures
  A hippogriff (D:7)
  A steam dragon (D:6)
  Menkaure (D:5)
  Duvessa (D:5)
  2 ice beasts
  4 ogres
  3 sky beasts
  2 phantoms
  2 bullfrogs
  Dowan (D:5)
  2 scorpions
  14 killer bees
  A howler monkey (D:4)
  A crimson imp (D:5)
  A bullfrog skeleton (D:6)
  2 orc priests
  Crazy Yiuf (D:5)
  2 hounds (D:4)
  A jelly (D:6)
  6 orc wizards
  2 iguanas
  A killer bee zombie (D:6)
  5 worker ants
  A hound skeleton (D:4)
  A worker ant zombie (D:5)
  3 howler monkey skeletons
  15 adders
  2 shadow imps
  An ooze (D:2)
  An adder skeleton (D:8)
  2 worms
  2 dart slugs
  4 leopard geckos
  24 orcs
  5 ball pythons
  10 bats
  4 giant cockroaches
  10 goblins
  10 hobgoblins
  14 jackals
  4 kobolds
  3 quokkas
  5 frilled lizards
  A quokka skeleton (D:6)
  A quokka zombie (D:6)
  6 rats
186 creatures vanquished.

Notes
Turn   | Place    | Note
-------+----------+-------------------------------------------
     0 | D:1      | Peloso the Minotaur Fighter began the quest for the Orb.
     0 | D:1      | Reached XP level 1. HP: 19/19 MP: 0/0
   205 | D:1      | Reached XP level 2. HP: 24/27 MP: 1/1
   925 | D:2      | Reached XP level 3. HP: 30/33 MP: 2/2
  1079 | D:2      | Found a shimmering altar of Xom.
  1204 | D:2      | Reached XP level 4. HP: 40/40 MP: 3/3
  2231 | D:4      | Reached XP level 5. HP: 37/47 MP: 4/4
  2334 | D:4      | Reached skill level 5 in Shields
  2337 | D:4      | Noticed a phantom
  2373 | D:4      | Killed a phantom
  2373 | D:4      | Reached skill level 5 in Long Blades
  2373 | D:4      | Reached XP level 6. HP: 12/53 MP: 5/5
  2665 | D:4      | Reached skill level 5 in Armour
  3009 | D:4      | Found an ancient bone altar of Kikubaaqudgha.
  3214 | D:4      | Reached skill level 5 in Fighting
  3214 | D:4      | Reached XP level 7. HP: 61/61 MP: 6/6
  3358 | D:5      | Entered Level 5 of the Dungeon
  3439 | D:5      | Reached skill level 1 in Dodging
  3889 | D:5      | Noticed Dowan
  3891 | D:5      | Noticed Duvessa
  4013 | D:5      | Killed Duvessa
  4023 | D:5      | Killed Dowan
  4023 | D:5      | Reached XP level 8. HP: 38/69 MP: 7/7
  4195 | D:5      | Noticed Menkaure
  4206 | D:5      | Killed Menkaure
  4445 | D:5      | Found a runed translucent door.
  4446 | D:5      | Noticed Crazy Yiuf
  4455 | D:5      | Killed Crazy Yiuf
  4642 | D:5      | Found a staircase to the Ecumenical Temple.
  4653 | Temple   | Entered the Ecumenical Temple
  4725 | Temple   | Became a worshipper of Warmaster Okawaru
  5730 | D:7      | Reached XP level 9. HP: 52/78 MP: 8/8
  5751 | D:7      | Reached * piety under Okawaru
  5793 | D:7      | Found Gozag's Platinum Reserve.
  5988 | D:7      | Found an opulent altar of Gozag.
  6427 | D:7      | Found an ornate altar of the Wu Jian Council.
  6746 | D:7      | Found a snail-covered altar of Cheibriados.
  6842 | D:8      | Found a shimmering altar of Xom.
  6892 | D:8      | HP: 3/79 [shadow imp/nerve-wracking pain (5)]
  6893 | D:8      | HP: 1/79 [poisoned by a killer bee]
  6893 | D:8      | Slain by a killer bee

Skill      XL: |  1  2  3  4  5  6  7  8  9 |
---------------+----------------------------+-----
Shields        | 4 5 6 7 8 |  8.9
Fighting       | 4 5 6 7 |  7.2
Armour         | 4 5 6 7 9 |  9.1
Long Blades    | 3 4 5 7 8 9 |  9.4
Dodging        | 2 3 |  3.2
Stealth        | |  0.4
Invocations    | |  0.2
Evocations     | |  0.7

Action                   |  1- 3 |  4- 6 |  7- 9 || total
-------------------------+-------+-------+-------++-------
Melee: Long sword        |    80 |   183 |   384 ||   647
       Headbutt          |     9 |    30 |    67 ||   106
Invok: Heroism           |       |       |     3 ||     3
Evoke: Wand              |       |     3 |     6 ||     9
  Use: Scroll            |       |     3 |     1 ||     4
       Potion            |       |       |     2 ||     2
  Eat: Chunk             |       |     7 |    10 ||    17
       Ration            |       |       |     1 ||     1
Armor: Scale mail        |    43 |    75 |   105 ||   223
       Chain mail        |       |       |    56 ||    56
       Plate armour      |       |       |    40 ||    40
Dodge: Dodged            |    29 |    54 |   127 ||   210
Block: Shield            |    51 |   110 |   268 ||   429
       Rpst.: Long sword |    12 |    20 |    44 ||    76
